 Dungeon Crawl Stone Soup version 0.31-a0-4-gefa6de2278 (webtiles) character file.

Game seed: 8307510887074338556

76 cheesebisquit the Trooper (level 4, -1/40 HPs)
             Began as a Draconian Fire Elementalist on May 3, 2023.
             Slain by an orc wizard
             ... wielding a +1 dagger of speed
              (5 damage)
             ... on level 3 of the Dungeon.
             The game lasted 00:07:56 (2396 turns).

cheesebisquit the Trooper (DrFE)                    Turns: 2396, Time: 00:07:56

Health: -1/40      AC:  7    Str: 10    XL:     4   Next: 12%
Magic:  7/7        EV: 12    Int: 18    God:
Gold:   77         SH:  0    Dex: 11    Spells: 6/7 levels left

rFire   . . .        n - +0 glaive
rCold   . . .        (shield currently unavailable)
rNeg    . . .        (body armour unavailable)
rPois   .            (helmet restricted)
rElec   .            (no cloak)
rCorr   .            (no gloves)
SInv    .            k - +1 pair of boots {Stlth+}
Will    .....        (no amulet)
Stlth   +++          (no ring)
HPRegen 0.26/turn    (no ring)
MPRegen 0.10/turn

%: no passive effects
@: lethally poisoned (-1 -> -8)
A: AC +5, unfitting armour, cold-blooded
a: no special abilities


You were on level 3 of the Dungeon.
You visited 1 branch of the dungeon, and saw 3 of its levels.

You collected 77 gold pieces.

Inventory:

Hand Weapons
 n - a +0 glaive (weapon)
Missiles
 s - a throwing net
Armour
 k - a +1 pair of boots of stealth (worn)
Jewellery
 p - a ring of magical power
 r - a ring of fire
Wands
 i - a wand of paralysis (7)
 l - a wand of flame (20)
 o - a wand of iceblast (5)
Scrolls
 a - a scroll of teleportation {unknown}
 b - 2 scrolls of identify {unknown}
 f - a scroll of torment {unknown}
 j - 3 scrolls of enchant weapon {unknown}
 t - a scroll of summoning {unknown}
Potions
 c - 2 potions of brilliance {unknown}
 d - 2 potions of might {unknown}
 e - a potion of cancellation {unknown}
 g - 2 potions of mutation {unknown}
 h - 2 potions of ambrosia {unknown}
 m - 2 potions of heal wounds {unknown}
 q - a potion of degeneration {unknown}


   Skills:
 + Level 4.2 Fighting
 - Level 1.7 Dodging
 - Level 1.7 Stealth
 - Level 2.0 Spellcasting
 - Level 1.0 Conjurations
 - Level 3.0 Fire Magic


You had 6 spell levels left.
You knew the following spells:

 Your Spells              Type           Power      Damage    Failure   Level
a - Foxfire               Conj/Fire      36%        2x1d5     8%          1

Your spell library contained the following spells:

 Spells                   Type           Power      Damage    Failure   Level
 Scorch                   Fire           24%        2d6       8%          2
 Inner Flame              Hex/Fire       7%         N/A       28%         3
 Volatile Blastmotes      Fire/Tloc      14%        2d11      28%         3
 Call Canine Familiar     Summ           1%         N/A       47%         3
 Portal Projectile        Hex/Tloc       2%         N/A       47%         3
 Flame Wave               Conj/Fire      9%         2d6       61%         4
 Leda's Liquefaction      Hex/Erth       0%         N/A       87%         4


Dungeon Overview and Level Annotations

Branches:
Dungeon (3/15)

Altars:

Shops:
D:3 *


Innate Abilities, Weirdness & Mutations

Your plain brown scales are hard. (AC +5)
You cannot fit into any form of body armour.
You are cold-blooded and may be slowed by cold attacks.


Message History

Deactivating autopickup; reactivate with Ctrl-A.
You hit the orc.
The orc is moderately wounded.
You feel very sick.
The orc wizard hits you but does no damage.
The orc hits you with a +1 whip of venom.
You are more poisoned.
The orc wizard casts a spell at you. The magic dart hits you!
You closely miss the orc.
The orc is moderately wounded.
You feel less confused.
You feel very sick. The orc hits you but does no damage.
You are more poisoned.
The orc wizard completely misses you. The orc barely misses you.
The orc wizard gestures at you while chanting.
The magic dart hits you.
You hit the orc but do no damage.
The orc is moderately wounded.
You feel very sick. The orc hits you but does no damage.
You are lethally poisoned!
The orc wizard points at you and mumbles some strange words.
You resist with some effort. The orc hits you but does no damage.
The orc wizard hits you but does no damage.
You hit the orc.
The orc is severely wounded.
* * * LOW HITPOINT WARNING * * *
You feel very sick. The orc wizard casts a spell at you.
You resist with some effort. The orc closely misses you.
The orc wizard completely misses you.
You hit the orc but do no damage.
The orc is severely wounded.
* * * LOW HITPOINT WARNING * * *
You feel very sick. The orc closely misses you.
The orc wizard hits you with a +1 dagger of speed.
You die...

#.#######
....o{o@#
#.#####o#
#.# #.#
#.## #..#
##.#
#######
###.#
#.....#
#...#


You could see an orc wizard and 2 orcs.

Vanquished Creatures
  2 adders (D:2)
  3 endoplasms
  3 giant cockroaches
  4 goblins
  8 hobgoblins
  3 jackals (D:1)
  4 kobolds
  4 quokkas
  8 ball pythons
  6 bats
  5 frilled lizards
  4 rats
54 creatures vanquished.

Vanquished Creatures (others)
  129 foxfires
129 creatures vanquished.

Grand Total: 183 creatures vanquished

Notes
Turn   | Place    | Note
-------+----------+-------------------------------------------
     0 | D:1      | cheesebisquit the Draconian Fire Elementalist began the
                  | quest for the Orb.
     0 | D:1      | Reached XP level 1. HP: 14/14 MP: 3/3
    49 | D:1      | You fall into a shaft and drop 1 floor!
    80 | D:2      | Reached skill level 1 in Fighting
    80 | D:2      | Reached XP level 2. HP: 11/24 MP: 3/5
   170 | D:1      | Reached skill level 2 in Fighting
   532 | D:1      | Reached skill level 3 in Fighting
   534 | D:1      | Reached XP level 3. HP: 31/31 MP: 2/6
  1533 | D:2      | Reached skill level 4 in Fighting
  1726 | D:2      | Reached XP level 4. HP: 40/40 MP: 2/7
  2100 | D:3      | Found Saleehen's Assorted Antiques.
  2247 | D:3      | Identified the +5 ring mail of Ofeampob {Dex+2}
  2396 | D:3      | Slain by an orc wizard

Illustrated notes

Levels and vault maps discovered:
D:1:      dpeg_arrival_windows_large_door, layout_loops_ring
D:2:      layout_rooms
D:3:      layout_loops_cross, serial_shops, nicolae_shop_real_fake_doors

Skill      XL: |  1  2  3 |
---------------+----------+-----
Fighting       | 1 3 4 |  4.2
Dodging        | |  1.7
Stealth        | |  1.7
Spellcasting   | |  2.0
Conjurations   | |  1.0
Fire Magic     | |  3.0

Action                     |  1- 3 |  4- 6 || total
---------------------------+-------+-------++-------
  Melee: Unarmed           |    35 |       ||    35
         Tailslap          |     4 |     1 ||     5
         Glaive            |       |    13 ||    13
   Cast: Foxfire           |    65 |    10 ||    75
    Use: Potion            |     1 |       ||     1
 Armour: Skin              |    24 |    11 ||    35
  Dodge: Dodged            |    36 |    13 ||    49

Table legend: (Time is in decaauts)
 A = Elapsed time spent in this place.
 B = Non-inter-level travel time spent in this place.
 C = Inter-level travel time spent in this place.
 D = Time resting spent in this place.
 E = Time spent auto-exploring this place.
 F = Levels seen in this place.
 G = Mean time per level.
                   A        B        C        D        E       F      G
               +--------+--------+--------+--------+--------+-----+--------+
         Total |   2404 |   2351 |     53 |      0 |   1959 |   3 |  801.3 |
       Dungeon |   2404 |   2351 |     53 |      0 |   1959 |   3 |  801.3 |
               +--------+--------+--------+--------+--------+-----+--------+

Top non-repeatable levels by time:
     D:1: 1007 daAuts
     D:2: 877 daAuts
     D:3: 519 daAuts
